 Dungeon Crawl Stone Soup version 0.31-a0-841-g038b102fc3 (webtiles) character file.

Game seed: 1899463489801630415

292 pokeman the Magician (level 6, 0/34 HPs)
             Began as a Deep Elf Hedge Wizard on Sept 27, 2023.
             Slain by a quokka (3 damage)
             ... summoned by Eustachio
             ... on level 4 of the Dungeon.
             The game lasted 00:05:32 (3732 turns).

pokeman the Magician (Deep Elf Hedge Wizard)        Turns: 3732, Time: 00:05:32

Health: 0/34       AC:  2    Str:  7    XL:     6   Next: 10%
Magic:  1/17       EV: 13    Int: 21    God:
Gold:   148        SH:  0    Dex: 14    Spells: 10/18 levels left

rFire   . . .        t - +4 dagger (drain)
rCold   . . .        (no shield)
rNeg    . . .        b - +0 robe
rPois   .            c - +0 hat
rElec   .            (no cloak)
rCorr   .            (no gloves)
SInv    +            (no boots)
Will    .....        (no amulet)
Stlth   ++           i - ring of see invisible
HPRegen 0.25/turn    q - ring of wizardry
MPRegen 0.15/turn

%: wizardry (x1)
@: no status effects
A: no striking features
a: no special abilities


You were on level 4 of the Dungeon.
You visited 1 branch of the dungeon, and saw 4 of its levels.

You collected 148 gold pieces.

Inventory:

Hand Weapons
 t - a +4 dagger of draining (weapon)
Armour
 b - a +0 robe (worn)
 c - a +0 hat (worn)
 m - a +2 ring mail of fire resistance
Magical Staves
 o - a staff of cold
Jewellery
 a - a ring of protection from cold
 i - a ring of see invisible (left hand)
 l - a ring of resist corrosion
 q - a ring of wizardry (right hand)
Scrolls
 g - a scroll of amnesia {unknown}
 h - a scroll of noise {unknown}
 j - 2 scrolls of fog {unknown}
 k - 3 scrolls of teleportation {unknown}
 p - a scroll of identify {unknown}
 s - a scroll of revelation {unknown}
 v - a scroll of vulnerability {unknown}
Potions
 d - a potion of magic
 e - a potion of haste {unknown}
 f - a potion of invisibility {unknown}
 n - a potion of brilliance {unknown}
 r - a potion of curing {unknown}
 u - 3 potions of lignification {unknown}
 w - 2 potions of attraction {unknown}
 x - a potion of might {unknown}


   Skills:
 + Level 1.2 Fighting
 - Level 1.0 Armour
 - Level 3.0 Dodging
 - Level 3.0 Stealth
 * Level 6.6 Spellcasting
 + Level 2.9 Conjurations
 - Level 1.1 Summonings
 - Level 1.1 Translocations
 - Level 1.0 Ice Magic
 + Level 1.1 Air Magic
 - Level 1.0 Poison Magic
 - Level 1.0 Evocations


You had 10 spell levels left.
You knew the following spells:

 Your Spells              Type           Power      Damage    Failure   Level
a - Magic Dart            Conj           76%        1d6       1%          1
b - Mephitic Cloud        Conj/Pois/Air  14%        N/A       6%          3
c - Call Imp              Summ           22%        N/A       3%          2
d - Blink                 Tloc           22%        N/A       3%          2

Your spell library contained the following spells:

 Spells                   Type           Power      Damage    Failure   Level
 Slow                     Hex            24%        N/A       4%          1
 Cigotuvi's Dreadful Rot  Necr/Pois/Air  18%        N/A       4%          2
 Sublimation of Blood     Necr           6%         N/A       6%          2
 Wereblood                Tmut           6%         N/A       6%          2
 Summon Hydra             Summ           5%         N/A       100%        7


Dungeon Overview and Level Annotations

Branches:
Dungeon (4/15)
 Temple: D:4-7

Altars:

Annotations:
D:4 Eustachio


Message History

The gnoll is engulfed in noxious fumes.
The gnoll hits you from afar with a +0 spear.
Unknown command.
The gnoll is engulfed in noxious fumes.
The gnoll appears confused.
Eustachio the Magnificent comes into view.
He is wielding a +0 rapier and carrying a wand of flame.
The gnoll hits itself with a +0 spear.
The gnoll closely misses you.
The gnoll barely misses itself.
You strike the helpless gnoll from behind!
You puncture the gnoll!
You kill the gnoll!
The dart slug launches a dart at you. The slug dart hits you.
* * * LOW HITPOINT WARNING * * *
Eustachio gestures wildly while chanting.
Things that are here:
a +0 spear; a +0 whip You hit the dart slug.
The dart slug is moderately wounded.
The dart slug misses you.
Eustachio gestures wildly while chanting.
Eustachio blinks!
You hit the dart slug.
The dart slug is heavily wounded.
The dart slug bites you.
* * * LOW HITPOINT WARNING * * *
You hit the dart slug but do no damage.
The dart slug is heavily wounded.
You hit the dart slug. You drain the dart slug.
You kill the dart slug!
The bat misses you.
Eustachio casts a spell.
Eustachio blinks!
You hit the bat.
You kill the bat!
The bat's corpse disappears in a puff of smoke!
Eustachio zaps a wand.
The puff of flame hits you!
* * * LOW HITPOINT WARNING * * *
Unknown command.
You barely miss the quokka. The quokka bites you.
You die...

############
#...(.#....#
#.....#....#
#@....#....#
#.....#....#
#...†.#>...#
#..@.§#....#
####r##..######
##.####.##..###..##
...w....§.........#
..................#
.###).............#
#..##...........#
.g..
##....####<######
g#.. #....#
#.##....


You could see Eustachio and a quokka (summoned).

Vanquished Creatures
  A hound (D:4)
  2 jellies (D:2)
  An orc priest (D:3)
  An orc wizard (D:3)
  4 gnolls (D:4)
  2 adders
  An ufetubus (D:4)
  3 dart slugs
  An orc (D:3)
  2 bats
  11 endoplasms
  4 giant cockroaches
  7 hobgoblins
  3 quokkas
  6 ball pythons
  5 frilled lizards
  7 goblins
  16 kobolds
  6 rats
83 creatures vanquished.

Notes
Turn   | Place    | Note
-------+----------+-------------------------------------------
     0 | D:1      | pokeman the Deep Elf Hedge Wizard began the quest for the
                  | Orb.
     0 | D:1      | Reached XP level 1. HP: 10/10 MP: 7/7
   244 | D:1      | Reached XP level 2. HP: 15/15 MP: 5/9
   643 | D:1      | Found a faded altar of an unknown god.
   777 | D:1      | Reached skill level 5 in Spellcasting
  1390 | D:1      | Reached XP level 3. HP: 20/20 MP: 8/11
  1394 | D:1      | Learned a level 3 spell: Mephitic Cloud
  1397 | D:1      | Learned a level 2 spell: Call Imp
  1400 | D:1      | Learned a level 2 spell: Blink
  2233 | D:2      | Reached skill level 1 in Fighting
  2233 | D:2      | Reached skill level 1 in Armour
  2544 | D:2      | Reached XP level 4. HP: 13/25 MP: 4/13
  2958 | D:3      | Reached skill level 6 in Spellcasting
  2958 | D:3      | Reached XP level 5. HP: 29/29 MP: 7/15
  3621 | D:4      | Reached skill level 1 in Evocations
  3696 | D:4      | Reached skill level 1 in Ice Magic
  3711 | D:4      | Reached skill level 1 in Poison Magic
  3718 | D:4      | Reached skill level 1 in Air Magic
  3718 | D:4      | Reached XP level 6. HP: 15/34 MP: 2/17
  3722 | D:4      | Noticed Eustachio
  3732 | D:4      | Slain by a quokka

Illustrated notes

Levels and vault maps discovered:
D:1:      co_arrival_square_in_a_square_in_a_square, layout_basic,
          dreamdust_ecumenical_altar_statues, chequers_mini_garden
D:2:      cheibrodos_fertilizer, layout_loops_ring,
          hangedman_abyss_or_decor_lesser_grid, grunt_decor_fettered
D:3:      layout_basic
D:4:      nicolae_cairo_tiling_large_dashed, layout_gridville,
          hangedman_abyss_or_decor_passed, uniq_eustachio, uniq_menkaure

Skill      XL: |  1  2  3  4  5 |
---------------+----------------+-----
Spellcasting   | 5 6 |  6.6
Fighting       | 1 |  1.2
Armour         | 1 |  1.0
Conjurations   | 2 |  2.9
Stealth        | 3 |  3.0
Dodging        | 3 |  3.0
Evocations     | 1 |  1.0
Ice Magic      | 1 |  1.0
Poison Magic   | 1 |  1.0
Air Magic      | 1 |  1.1
Summonings     | |  1.1
Translocations | |  1.1

Action                     |  1- 3 |  4- 6 || total
---------------------------+-------+-------++-------
  Melee: Whip              |    11 |    10 ||    21
         Dagger            |       |    14 ||    14
   Cast: Magic Dart        |   120 |    69 ||   189
         Call Imp          |       |     1 ||     1
         Mephitic Cloud    |       |     3 ||     3
   Stab: Confused          |       |     5 ||     5
 Armour: Robe              |    26 |    13 ||    39
  Dodge: Dodged            |    29 |    22 ||    51

Table legend: (Time is in decaauts)
 A = Elapsed time spent in this place.
 B = Non-inter-level travel time spent in this place.
 C = Inter-level travel time spent in this place.
 D = Time resting spent in this place.
 E = Time spent auto-exploring this place.
 F = Levels seen in this place.
 G = Mean time per level.
                   A        B        C        D        E       F      G
               +--------+--------+--------+--------+--------+-----+--------+
         Total |   3730 |   3672 |     58 |     90 |   3175 |   4 |  932.5 |
       Dungeon |   3730 |   3672 |     58 |     90 |   3175 |   4 |  932.5 |
               +--------+--------+--------+--------+--------+-----+--------+

Top non-repeatable levels by time:
     D:1: 1574 daAuts
     D:2: 1294 daAuts
     D:3: 741 daAuts
     D:4: 119 daAuts
